 Dungeon Crawl Stone Soup version 0.26-a0-1026-g544776af23 (webtiles) character file.

Game seed: 509159301137909854

44 pablito the Insei (level 3, 0/34 HPs)
             Began as an Octopode Transmuter on Dec 10, 2020.
             Succumbed to an adder's poison
             ... on level 2 of the Dungeon.
             The game lasted 00:04:11 (1654 turns).

pablito the Insei (Octopode Transmuter)             Turns: 1654, Time: 00:04:11

Health: 0/34       AC: 21    Str:  9    XL:     3   Next: 60%
Magic:  6/6        EV:  2    Int: 15    God:
Gold:   40         SH:  0    Dex: 13    Spells: 6/7 levels left

rFire    x . .     SeeInvis .     - Unarmed
rCold    + . .     Faith    .   (no shield)
rNeg     + + +     Spirit   .   (helmet currently unavailable)
rPois    +         Reflect  .   (no amulet)
rElec    .         Harm     .   b - ring of teleportation (curse)
rCorr    .         Rampage  .   h - ring of ice
Will     .....     NoTele   +   (no ring)
Stlth    +.........             (no ring)
HPRegen  0.11/turn              (no ring)
MPRegen  0.10/turn              (no ring)
                                (no ring)
                                (no ring)

@: mighty, lethally poisoned (0 -> -3), tree-form (expiring), berserk cooldown,
attractive, slowed, very slow
A: almost no armour, stealthy swim, (amphibious), 8 rings, (constrict 8)
a: no special abilities


You were on level 2 of the Dungeon.
You were a tree.
You visited 1 branch of the dungeon, and saw 2 of its levels.

You collected 40 gold pieces.

Inventory:

Missiles
 g - 19 poisoned darts
Jewellery
 b - a cursed ring of teleportation (left branch)
 h - a ring of ice (right branch)
Scrolls
 a - a scroll of noise {unknown}


   Skills:
 - Level 1.0 Fighting
 - Level 2.0 Dodging
 + Level 3.5 Unarmed Combat
 + Level 2.6 Spellcasting
 + Level 2.7 Transmutations


You had 6 spell levels left.
You knew the following spells:

 Your Spells              Type           Power        Failure   Level
a - Beastly Appendage     Tmut           ##....       7%          1

Your spell library contained the following spells:

 Spells                   Type           Power        Failure   Level
 Wereblood                Tmut           ##......     11%         2
 Spider Form              Tmut/Pois      #.........   34%         3
 Ice Form                 Ice/Tmut       #.......     75%         4
 Blade Hands              Tmut           ##........   88%         5


Dungeon Overview and Level Annotations

Branches:
Dungeon (2/15)

Altars:


Innate Abilities, Weirdness & Mutations

You cannot wear most types of armour.
You are very stealthy in the water. (Stealth+)
((You are amphibious.))
You can wear up to eight rings at the same time.
((You can use your tentacles to constrict eight enemies at once.))
((Your skin changes colour to match your surroundings (Stealth+).))
((Your rubbery body absorbs attacks. (AC +1, EV +1)))


Message History

It was a potion of attraction.
You feel attractive to monsters.
* * * LOW HITPOINT WARNING * * *
You feel sick.
You cannot move.
You cannot move.
There is a lethal amount of poison in your body!
There is a lethal amount of poison in your body!
* * * LOW HITPOINT WARNING * * *
You feel sick.
* * * LOW HITPOINT WARNING * * *
You feel sick.
* * * LOW HITPOINT WARNING * * *
You feel sick.
* * * LOW HITPOINT WARNING * * *
You feel sick.
* * * LOW HITPOINT WARNING * * *
You feel sick.
Your transformation is almost over.
You die...

## #.. #. #.. #.
#.. #. #$. #.#..
#... #.$#####
#..♣...#
######.# #.####
####.##.##
##........####
###...#.##...#.#
#<.............#
#.......##.....#
#<.###..####.###


There were no monsters in sight!

Vanquished Creatures
  2 adders (D:2)
  5 dart slugs
  A hobgoblin (D:1)
  3 jackals (D:1)
  2 kobolds (D:1)
  4 bats (D:1)
  A frilled lizard (D:1)
  A rat (D:1)
19 creatures vanquished.

Notes
Turn   | Place    | Note
-------+----------+-------------------------------------------
     0 | D:1      | pablito the Octopode Transmuter began the quest for the
                  | Orb.
     0 | D:1      | Reached XP level 1. HP: 13/13 MP: 3/3
   329 | D:1      | Reached XP level 2. HP: 11/18 MP: 3/5
  1358 | D:2      | Reached XP level 3. HP: 12/23 MP: 6/6
  1646 | D:2      | HP: 3/34 [poisoned by an adder]
  1650 | D:2      | HP: 1/34 [poisoned by an adder]
  1654 | D:2      | Succumbed to an adder's poison

Illustrated notes

Levels and vault maps discovered:
D:1:      psy_arrival_fountain, layout_basic
D:2:      minmay_alternating_diamond, layout_loops_ring, dk_vineyard_3,
          lemuel_altar_in_water

Action                   || total
-------------------------++-------
Melee: Unarmed           ||    54
       Constrict         ||    14
       Kick              ||     8
       Tentacles         ||     6
       Punch             ||     1
 Cast: Beastly Appendage ||     9
  Use: Scroll            ||     2
       Potion            ||     4
 Stab: Sleeping          ||     7
Armor: Skin              ||    12
Dodge: Dodged            ||    36

Table legend: (Time is in decaauts)
 A = Elapsed time spent in this place.
 B = Non-inter-level travel time spent in this place.
 C = Inter-level travel time spent in this place.
 D = Time resting spent in this place.
 E = Time spent auto-exploring this place.
 F = Levels seen in this place.
 G = Mean time per level.
                   A        B        C        D        E       F      G
               +--------+--------+--------+--------+--------+-----+--------+
         Total |   1652 |   1578 |     74 |    238 |   1178 |   2 |  826.0 |
       Dungeon |   1652 |   1578 |     74 |    238 |   1178 |   2 |  826.0 |
               +--------+--------+--------+--------+--------+-----+--------+

Top non-repeatable levels by time:
     D:1: 1346 daAuts
     D:2: 306 daAuts
